General information
- name: BNet
- type: Ladder team game (AT/RT)
- host: Battle.net
- saver: IH8Everyone
map: GolemsInTheMist
- players: 8
- length: 03:24
- speed: Fast
- version: 1.26 W3XP
- replay type: Public
» download(21 KB)
Players
team 1 (winner)

»
OK.OK (
pink | 30 APM | 101 actions | 03:24)
1 Keeper of the Grove
1 Entangling Roots
» actions
| Assign group hotkey | 1 | |
| Build / train | 17 | |
| Enter build submenu | 9 | |
| Enter hero's abilities submenu | 1 | |
| Right click | 11 | |
| Select / deselect | 37 | |
| Select group hotkey | 11 | |
| Use ability | 14 | |
101 total
» units
» buildings
| Moon Well | 3 | |
| Ancient of War | 2 | |
| Altar of Elders | 1 | |
| Hunter's Hall | 1 | |
| Ziggurat | 1 | |
8 total
» build order
00:12 Moon Well
00:20 Ancient of War
00:31 Altar of Elders
01:44 Ancient of War
02:09 Moon Well
02:32 Hunter's Hall
02:52 Ziggurat
03:15 Moon Well
Rubikza (
green | 53 APM | 181 actions | 03:24)
1 Mountain King
1 Storm Bolt
» actions
| Assign group hotkey | 1 | |
| Build / train | 21 | |
| Enter build submenu | 9 | |
| Enter hero's abilities submenu | 1 | |
| Right click | 68 | |
| Select / deselect | 54 | |
| Select group hotkey | 7 | |
| Use ability | 20 | |
181 total
» units
» buildings
| Altar of Kings | 1 | |
| Arcane Vault | 1 | |
| Farm | 4 | |
| Lumber Mill | 1 | |
| Scout Tower | 2 | |
| Keep | 1 | |
| Nerubian Tower | 1 | |
| Arcane Tower | 1 | |
12 total
» build order
00:08 Altar of Kings
00:12 Arcane Vault
00:21 Farm
00:42 Farm
00:46 Farm
01:26 Lumber Mill
01:40 Scout Tower
02:53 Keep
03:04 Nerubian Tower
03:17 Arcane Tower
03:20 Farm
03:24 Scout Tower
» items

»
STaRScReAM_ (
red | 11 APM | 29 actions | 02:42)
» actions
| Build / train | 2 | |
| ESC pressed | 1 | |
| Enter build submenu | 5 | |
| Right click | 8 | |
| Select / deselect | 9 | |
| Use ability | 4 | |
29 total
» units
» buildings
| Altar of Darkness | 1 | |
| Ziggurat | 1 | |
| Crypt | 1 | |
| Graveyard | 1 | |
4 total
» build order
01:48 Altar of Darkness
01:51 Ziggurat
01:56 Crypt
02:13 Graveyard
JAPAL (
orange | 41 APM | 141 actions | 03:24)
1 Keeper of the Grove
1 Force of Nature
» actions
| Assign group hotkey | 3 | |
| Build / train | 16 | |
| Enter build submenu | 7 | |
| Enter hero's abilities submenu | 1 | |
| Right click | 41 | |
| Select / deselect | 45 | |
| Select group hotkey | 19 | |
| Use ability | 9 | |
141 total
» units
» buildings
| Moon Well | 3 | |
| Altar of Elders | 1 | |
| Ancient of War | 1 | |
| Tree of Ages | 1 | |
6 total
» build order
00:14 Moon Well
00:20 Altar of Elders
00:42 Ancient of War
01:42 Moon Well
02:18 Moon Well
03:17 Tree of Ages
team 2 (loser)
mightaswell_ (
blue | 115 APM | 393 actions | 03:24)
1 Death Knight
1 Death Coil
» actions
| Assign group hotkey | 15 | |
| Basic commands | 10 | |
| Build / train | 23 | |
| Enter build submenu | 8 | |
| Enter hero's abilities submenu | 1 | |
| Right click | 140 | |
| Select / deselect | 61 | |
| Select group hotkey | 126 | |
| Use ability | 9 | |
393 total
» units
| Acolyte | 6 | |
| Ghoul | 5 | |
| Crypt Fiend | 8 | |
19 total
» buildings
| Graveyard | 1 | |
| Crypt | 1 | |
| Altar of Darkness | 1 | |
| Ziggurat | 3 | |
| Tomb of Relics | 1 | |
7 total
» build order
00:09 Graveyard
00:13 Crypt
00:46 Altar of Darkness
01:00 Ziggurat
01:03 Ziggurat
01:28 Tomb of Relics
02:03 Ziggurat
» items

»
Kmac (
teal | 34 APM | 110 actions | 03:16)
1 Priestess of the Moon
1 Searing Arrows
» actions
| Assign group hotkey | 1 | |
| Basic commands | 2 | |
| Build / train | 15 | |
| Enter build submenu | 5 | |
| Enter hero's abilities submenu | 1 | |
| Right click | 29 | |
| Select / deselect | 43 | |
| Select group hotkey | 7 | |
| Use ability | 7 | |
110 total
» units
» buildings
| Altar of Elders | 1 | |
| Moon Well | 2 | |
| Ancient of War | 1 | |
| Hunter's Hall | 1 | |
5 total
» build order
00:04 Altar of Elders
00:10 Moon Well
00:39 Ancient of War
01:31 Moon Well
02:12 Hunter's Hall
IH8Everyone (
purple | 48 APM | 163 actions | 03:24)
1 Blood Mage
1 Flame Strike
» actions
| Assign group hotkey | 6 | |
| Basic commands | 8 | |
| Build / train | 15 | |
| Enter build submenu | 7 | |
| Enter hero's abilities submenu | 1 | |
| Right click | 28 | |
| Select / deselect | 48 | |
| Select group hotkey | 23 | |
| Use ability | 27 | |
163 total
» units
» buildings
| Altar of Kings | 1 | |
| Farm | 3 | |
| Barracks | 1 | |
| Scout Tower | 1 | |
| Lumber Mill | 1 | |
| Arcane Tower | 1 | |
8 total
» build order
00:26 Altar of Kings
00:36 Farm
00:52 Barracks
01:07 Farm
01:46 Scout Tower
01:50 Lumber Mill
02:10 Farm
02:26 Arcane Tower

»
CrZyMaster5 (
yellow | 41 APM | 140 actions | 03:24)
» actions
| Build / train | 22 | |
| Enter build submenu | 10 | |
| Right click | 60 | |
| Select / deselect | 39 | |
| Use ability | 9 | |
140 total
» units
» buildings
| Farm | 2 | |
| Scout Tower | 2 | |
| Altar of Kings | 1 | |
| Arcane Tower | 6 | |
| Barracks | 1 | |
| Lumber Mill | 1 | |
| Arcane Vault | 1 | |
| Blacksmith | 1 | |
15 total
» build order
00:34 Farm
00:46 Scout Tower
00:59 Altar of Kings
01:18 Arcane Tower
01:19 Arcane Tower
01:19 Arcane Tower
01:19 Arcane Tower
01:37 Barracks
01:59 Lumber Mill
02:10 Arcane Vault
02:43 Farm
02:49 Scout Tower
03:16 Blacksmith
Chat log
(00:05 / Allies) IH8Everyone: well dammit
(00:09 / Allies) IH8Everyone: I hate that pink guy on the other team
(00:19 / Allies) IH8Everyone: made this account just to randomly backstab someone, but I cant let that pink asshole win now
(00:20 / Allies) mightaswell_: why
(00:29 / Allies) IH8Everyone: cause he is a dick
(00:30 / Allies) mightaswell_: ok everyone
(00:32 / Allies) Kmac: It's wc3, kids are angry and do that
(00:33 / Allies) mightaswell_: backstab purple
(00:41 / Allies) IH8Everyone: yeah go ahead
(00:42 / Allies) IH8Everyone: whatever
(00:59 / Allies) Kmac: The more emotion you show, the quicker the kids will be to troll you
(01:00 / Allies) Kmac: Remember that
(01:17 / Allies) mightaswell_: cheers to that..
(01:20 / Allies) IH8Everyone: nah im determined to make sure pink loses
(01:25 / Allies) Kmac: A good portion of players are just kids who troll during summer because of lack of a social life
(01:34 / Allies) IH8Everyone: its winter
(01:37 / Allies) IH8Everyone: and Im in my 30's
(01:39 / Allies) IH8Everyone: and its after midnight
(01:43 / Allies) mightaswell_: lol
(01:47 / Allies) Kmac: Ok, so you're squelched
(01:54 / Allies) IH8Everyone: cool
(02:32 / Allies) IH8Everyone: well thanks teal
(02:37 / Allies) IH8Everyone: now I dont feel so bad about letting pink win
(02:49 / Allies) mightaswell_: its already happened
(03:05 / Allies) CrZyMaster5: right
(03:07 / Allies) Kmac: haha purple is just as bad as the kid he was crying about
(03:16 / Allies) Kmac: Oh well new game